details: 'standoff with edsnowden'

« prev index next »

General information

Mini Map

Players

team 1
HumanBlackSpider (orange | 45 APM | 1712 actions | 38:21)
Hero icon 5 Blood Mage
Ability icon 3 Flame Strike
Ability icon 2 Siphon Mana

» actions
Basic commands1170
Build / train97
ESC pressed9
Enter build submenu33
Enter hero's abilities submenu5
Remove unit from queue2
Right click1
Select / deselect330
Use ability65
1712 total
» units
Peasant22
Footman11
Rifleman14
Sorceress2
Priest1
Mortar Team3
Flying Machine22
75 total
» upgrades
Defend1
Sorceress Training2
Long Rifles1
Animal War Training1
Masonry1
Armor1
Gunpowder1
8 total
» buildings
Altar of Kings1
Farm12
Barracks1
Arcane Vault1
Keep1
Blacksmith1
Castle1
Town Hall3
Arcane Sanctum1
Scout Tower8
Arcane Tower2
Lumber Mill2
Guard Tower4
Workshop1
39 total
» build order
00:22 Altar of Kings
00:37 Farm
00:52 Barracks
01:06 Farm
01:34 Farm
01:46 Farm
03:59 Farm
04:41 Arcane Vault
04:46 Keep
05:55 Farm
07:26 Blacksmith
07:27 Castle
07:49 Town Hall
07:58 Town Hall
08:22 Farm
08:28 Arcane Sanctum
09:15 Scout Tower
09:19 Scout Tower
09:34 Farm
09:35 Farm
09:43 Arcane Tower
09:50 Arcane Tower
09:53 Scout Tower
10:03 Town Hall
10:33 Lumber Mill
11:40 Guard Tower
12:37 Scout Tower
12:56 Farm
15:12 Workshop
15:37 Farm
15:38 Guard Tower
16:24 Farm
17:54 Scout Tower
17:59 Scout Tower
18:30 Guard Tower
18:35 Scout Tower
18:36 Guard Tower
18:39 Scout Tower
18:46 Lumber Mill
Random» HumanDARK-SOULS-GOD (yellow | 46 APM | 1765 actions | 38:21)
Hero icon 4 Blood Mage
Ability icon 2 Flame Strike
Ability icon 2 Siphon Mana

» actions
Assign group hotkey44
Basic commands240
Build / train74
Enter build submenu22
Enter hero's abilities submenu4
Give item / drop item1
Remove unit from queue2
Right click567
Select / deselect214
Select group hotkey539
Use ability58
1765 total
» units
Peasant18
Goblin Shredder2
Gryphon Rider6
Mortar Team4
30 total
» upgrades
Masonry3
Swords3
Lumber Harvesting1
Animal War Training1
Storm Hammers1
Cloud1
Armor2
Barrage1
Flare1
Fragmentation Shards1
Flying Machine Bombs1
Flak Cannons1
Backpack1
Long Rifles1
Defend1
Plating1
Gunpowder1
22 total
» buildings
Altar of Kings1
Farm10
Lumber Mill2
Arcane Vault1
Scout Tower1
Arcane Tower1
Town Hall3
Keep1
Blacksmith1
Barracks1
Castle1
Gryphon Aviary4
Workshop1
Cannon Tower1
29 total
» build order
00:09 Altar of Kings
00:23 Farm
00:56 Lumber Mill
01:09 Farm
01:49 Arcane Vault
01:57 Scout Tower
02:27 Farm
02:29 Arcane Tower
03:43 Lumber Mill
03:47 Town Hall
05:00 Keep
05:34 Farm
05:38 Farm
05:39 Farm
05:40 Farm
06:09 Blacksmith
06:14 Barracks
07:23 Castle
07:30 Gryphon Aviary
07:33 Gryphon Aviary
07:36 Gryphon Aviary
07:40 Gryphon Aviary
07:44 Farm
08:01 Workshop
11:24 Cannon Tower
12:04 Farm
12:39 Town Hall
12:47 Town Hall
» items
Scroll of Regeneration2
Scroll of Town Portal2
Ivory Tower3
Staff of Sanctuary1
8 total
Orcsrc231 (red | 43 APM | 640 actions | 14:47)
Hero icon 4 Shadow Hunter
Ability icon 2 Hex
Ability icon 2 Healing Wave

» actions
Assign group hotkey1
Basic commands16
Build / train56
Enter build submenu28
Enter hero's abilities submenu4
Remove unit from queue7
Right click170
Select / deselect320
Select group hotkey10
Use ability28
640 total
» units
Peon13
Grunt4
Troll Headhunter/Berserker7
Goblin Shredder1
Demolisher1
Wind Rider2
28 total
» upgrades
Melee Weapons2
Armor3
Ranged Weapons2
Spiked Barricades2
Berserker Strength1
Troll Regeneration1
Pillage1
Ensnare1
Shaman Training1
14 total
» buildings
Altar of Storms1
Orc Burrow6
Barracks1
War Mill2
Stronghold1
Watch Tower4
Voodoo Lounge1
Beastiary2
Spirit Lodge1
Great Hall1
20 total
» build order
00:21 Altar of Storms
00:36 Orc Burrow
00:52 Barracks
02:03 Orc Burrow
02:16 War Mill
02:28 Orc Burrow
02:55 Orc Burrow
03:15 Stronghold
04:08 Watch Tower
04:16 Watch Tower
05:52 Watch Tower
07:17 Orc Burrow
07:55 Voodoo Lounge
08:54 Beastiary
09:01 Beastiary
09:30 Watch Tower
11:29 Spirit Lodge
11:37 War Mill
12:06 Orc Burrow
13:49 Great Hall
Random» NightElfMacAttack (green | 24 APM | 904 actions | 38:21)
Hero icon 2 Demon Hunter
Ability icon 1 Mana Burn
Ability icon 1 Evasion

» actions
Build / train15
Enter build submenu13
Enter hero's abilities submenu2
Give item / drop item1
Right click744
Select / deselect110
Use ability19
904 total
» units
Wisp4
Archer6
10 total
» buildings
Altar of Elders1
Moon Well2
Ancient of War1
Hunter's Hall1
Tree of Ages1
Tree of Eternity1
Ancient of Wind1
Orc Burrow2
Tree of Life1
11 total
» build order
00:20 Altar of Elders
00:24 Moon Well
01:03 Ancient of War
01:37 Moon Well
03:52 Hunter's Hall
06:18 Tree of Ages
09:11 Tree of Eternity
11:54 Ancient of Wind
16:25 Orc Burrow
17:00 Orc Burrow
18:39 Tree of Life
team 2
Random» UndeadPurpleLikesBoys (blue | 47 APM | 1804 actions | 38:21)
Hero icon 4 Death Knight
Ability icon 1 Death Coil
Ability icon 3 Unholy Aura

» actions
Basic commands28
Build / train51
Enter build submenu44
Enter hero's abilities submenu4
Right click1215
Select / deselect373
Use ability89
1804 total
» units
Acolyte7
Ghoul5
Crypt Fiend7
Goblin Shredder2
Meatwagon8
29 total
» upgrades
Unholy Strength1
Web1
2 total
» buildings
Graveyard1
Ziggurat26
Crypt2
Altar of Darkness1
Tomb of Relics1
Spirit Tower10
Halls of the Dead1
Slaughterhouse4
Nerubian Tower1
47 total
» build order
00:26 Graveyard
00:36 Ziggurat
00:38 Ziggurat
01:01 Crypt
01:16 Altar of Darkness
01:59 Crypt
02:07 Tomb of Relics
02:48 Ziggurat
03:01 Ziggurat
03:24 Ziggurat
04:49 Spirit Tower
04:49 Spirit Tower
05:32 Spirit Tower
05:57 Halls of the Dead
06:17 Spirit Tower
09:01 Slaughterhouse
09:02 Slaughterhouse
09:07 Slaughterhouse
09:10 Slaughterhouse
09:17 Ziggurat
09:18 Ziggurat
09:21 Ziggurat
09:27 Ziggurat
12:39 Spirit Tower
13:51 Ziggurat
13:54 Ziggurat
14:07 Ziggurat
14:09 Ziggurat
14:13 Ziggurat
14:54 Nerubian Tower
15:22 Spirit Tower
16:02 Ziggurat
16:03 Ziggurat
16:04 Ziggurat
18:02 Spirit Tower
18:05 Ziggurat
18:09 Ziggurat
18:11 Ziggurat
20:34 Spirit Tower
20:37 Ziggurat
20:39 Ziggurat
20:41 Ziggurat
21:26 Ziggurat
21:30 Ziggurat
21:32 Ziggurat
21:38 Spirit Tower
» items
Scroll of Town Portal1
Potion of Healing1
2 total
Humanfdb (pink | 21 APM | 814 actions | 38:21)

» actions
Basic commands15
Build / train9
Enter build submenu2
Right click672
Select / deselect80
Use ability36
814 total
» units
Peasant9
9 total
» buildings
Farm2
Altar of Kings1
3 total
» build order
02:09 Farm
02:10 Farm
03:01 Altar of Kings
UndeadPR7EST (teal | 34 APM | 398 actions | 11:35)
Hero icon 2 Death Knight
Ability icon 1 Death Coil
Ability icon 1 Unholy Aura

» actions
Build / train36
Enter build submenu15
Enter hero's abilities submenu2
Remove unit from queue5
Right click167
Select / deselect147
Use ability26
398 total
» units
Acolyte5
Ghoul5
Crypt Fiend7
Goblin Zeppelin1
Gargoyle4
22 total
» buildings
Altar of Darkness1
Crypt2
Ziggurat7
Graveyard1
Spirit Tower5
Halls of the Dead1
Tomb of Relics1
18 total
» build order
00:53 Altar of Darkness
00:55 Crypt
00:57 Ziggurat
01:05 Ziggurat
01:19 Graveyard
01:42 Crypt
02:38 Ziggurat
02:52 Ziggurat
03:36 Ziggurat
05:27 Spirit Tower
05:32 Ziggurat
05:59 Ziggurat
06:34 Halls of the Dead
06:43 Spirit Tower
06:43 Spirit Tower
07:39 Spirit Tower
07:50 Spirit Tower
08:04 Tomb of Relics
Random» UndeadShinji_Ikari (purple | 15 APM | 563 actions | 38:21)

» actions
Basic commands1
Build / train8
Enter build submenu44
Right click337
Select / deselect58
Use ability115
563 total
» units
Acolyte3
Ghoul3
6 total
» buildings
Necropolis14
Altar of Darkness3
Crypt4
Ziggurat10
Halls of the Dead1
Graveyard1
33 total
» build order
02:06 Necropolis
02:19 Necropolis
02:24 Necropolis
02:30 Necropolis
02:36 Necropolis
02:40 Necropolis
02:43 Necropolis
03:05 Necropolis
03:43 Necropolis
03:50 Necropolis
09:43 Altar of Darkness
09:45 Crypt
10:12 Crypt
10:15 Ziggurat
10:17 Ziggurat
11:43 Ziggurat
11:48 Halls of the Dead
12:55 Graveyard
15:46 Necropolis
15:50 Altar of Darkness
16:08 Crypt
16:10 Ziggurat
16:14 Ziggurat
17:21 Necropolis
17:38 Necropolis
22:19 Necropolis
22:23 Altar of Darkness
22:28 Ziggurat
22:30 Ziggurat
22:32 Ziggurat
22:36 Crypt
22:59 Ziggurat
23:02 Ziggurat

Chat log

(00:03 / All) Shinji_Ikari: top lel
(00:10 / All) PurpleLikesBoys: <-----
(00:49 / All) PurpleLikesBoys: <------\
(00:53 / All) PurpleLikesBoys: <-----*
(01:21 / All) PurpleLikesBoys: <------
(02:08 / All) DARK-SOULS-GOD: what a great team
(02:55 / All) Shinji_Ikari: lawl ur reporting me?
(03:15 / All) Shinji_Ikari: u know blizzard doesnt giva shit about this game any more right?
(03:22 / All) Shinji_Ikari: i dont even tink its possible to report
(03:29 / All) Shinji_Ikari: Cool story bor
(03:32 / All) Shinji_Ikari: bro

(05:04 / All) Shinji_Ikari: i gota chu
(05:13 / All) Shinji_Ikari: lol pink i looked at ur link
(05:20 / All) Shinji_Ikari: and u cant report bsers
(05:24 / All) Shinji_Ikari: lyin loser
(05:34 / All) Shinji_Ikari: no
(05:39 / All) Shinji_Ikari: u can only report hackers
(05:55 / All) Shinji_Ikari: i typed hacks@blizzard.com into google
(06:07 / All) Shinji_Ikari: and a blizzard report website came up
(06:14 / All) Shinji_Ikari: doesnt let u send replays
(06:19 / All) Shinji_Ikari: or report fer bsin
(06:26 / All) Shinji_Ikari: i mean im not bsin
(06:39 / All) PurpleLikesBoys: my name is wrong
(06:41 / All) Shinji_Ikari: no
(06:44 / All) PurpleLikesBoys: it should be PinkLikesBoys
(06:46 / All) Shinji_Ikari: lets report pink
(06:51 / All) Shinji_Ikari: for bein a loser
(07:02 / All) Shinji_Ikari: i did more shit dan him this whole game

(08:22 / All) DARK-SOULS-GOD: u2 is a mighty fine band
(08:31 / All) PurpleLikesBoys: meh
(08:46 / All) Shinji_Ikari: lol i aint worried about bein reported
(09:10 / All) Shinji_Ikari: pinks a stupid little kiddy who thinks hes cool cuase he reports people
(09:10 / Allies) DARK-SOULS-GOD: wood?
(09:12 / Allies) DARK-SOULS-GOD: getting griffs
(09:18 / All) Shinji_Ikari: u cant report people for what i did
(09:21 / All) Shinji_Ikari: blizzard doesnt care
(09:31 / All) Shinji_Ikari: this game is 10 years old
(09:36 / All) Shinji_Ikari: no one cares
(09:41 / Allies) DARK-SOULS-GOD: wood?
(09:47 / All) Shinji_Ikari: nah
(09:55 / All) DARK-SOULS-GOD: green has like 4k gold and 80 wood
(10:32 / All) PurpleLikesBoys: green do you like drugs
(11:02 / All) Shinji_Ikari: sure
(11:18 / All) PurpleLikesBoys: red hit bottom wiht me
(11:34 / All) Shinji_Ikari: i did
(11:39 / All) Shinji_Ikari: im not doin anything wrong noob
(12:13 / All) PurpleLikesBoys: hiya green
(12:14 / All) Shinji_Ikari: i really dont think blizzard wants to sit through 2w5424352435 replays lol
(12:21 / All) DARK-SOULS-GOD: green i want ur gold
(12:43 / All) Shinji_Ikari: lol what am i gonna get banned for now guy?
(12:47 / All) Shinji_Ikari: im makin units
(13:00 / All) Shinji_Ikari: lol
(13:03 / All) Shinji_Ikari: ur a noob
(13:09 / All) Shinji_Ikari: i didnt force teal to leave
(13:37 / All) Shinji_Ikari: lol im done arguing with ur dumb ass ur squelched
(13:43 / All) PurpleLikesBoys: owned
(13:45 / All) PurpleLikesBoys: both of you

(15:29 / All) Shinji_Ikari: lol who unsummoned teal
(15:33 / All) Shinji_Ikari: pink u loser
(15:35 / All) fdb: you did
(15:39 / All) Shinji_Ikari: umsummoning teal
(15:47 / All) DARK-SOULS-GOD: forogt he left
(15:58 / All) Shinji_Ikari: lol they will see u bsed n unsummoned teal
(16:17 / All) Shinji_Ikari: owned
(17:10 / All) DARK-SOULS-GOD: i will tho hes reallynew
(17:30 / All) Shinji_Ikari: lol pink
(17:34 / All) Shinji_Ikari: imma report u too
(17:55 / All) Shinji_Ikari: what is ur problem guy
(18:00 / All) DARK-SOULS-GOD: lawl
(18:29 / All) PurpleLikesBoys: not sure who should get loss
(18:32 / All) PurpleLikesBoys: pink or oj
(18:50 / All) DARK-SOULS-GOD: i do not care really but oj is putitng up a "fihgt"
(18:50 / All) PurpleLikesBoys: D
(18:51 / All) PurpleLikesBoys: D
(18:55 / All) PurpleLikesBoys: LOL
(19:04 / All) PurpleLikesBoys: green how much gold you got
(19:05 / All) Shinji_Ikari: pink should get da lose
(19:17 / All) DARK-SOULS-GOD: pro tip magic rapes hu towers oj
(19:35 / All) DARK-SOULS-GOD: ill let u keep a hero oj

(20:51 / All) DARK-SOULS-GOD: i will allow u to make an altar oj
(21:24 / All) fdb: there is gonna be like 4 cd keys bans off one replay
(21:29 / All) PurpleLikesBoys: LOL
(21:35 / All) PurpleLikesBoys: let it go already man
(21:36 / All) PurpleLikesBoys: we get it
(21:39 / All) Shinji_Ikari: lol is pink sayin anything
(22:18 / All) DARK-SOULS-GOD: oj im on ur team i can see ur copters
(22:21 / All) PurpleLikesBoys: he may let you make an alter
(22:23 / All) PurpleLikesBoys: but i wont
(22:32 / All) PurpleLikesBoys: im not on your team
(22:35 / All) PurpleLikesBoys: and i can see your copters
(22:36 / All) DARK-SOULS-GOD: ive played
(22:43 / All) Shinji_Ikari: lol r we really gonna win
(22:45 / All) DARK-SOULS-GOD: oj many times before
(22:48 / All) DARK-SOULS-GOD: i didnt know he fought back
(22:55 / All) Shinji_Ikari: y
(23:01 / All) DARK-SOULS-GOD: y what
(23:59 / All) PurpleLikesBoys: pink your record is 1-8 do you tk often?
(24:39 / All) Shinji_Ikari: i feel like pink a bser
(24:45 / All) PurpleLikesBoys: kill my wagons
(24:46 / All) Shinji_Ikari: n hes jus tryin to acted cool
(24:51 / All) Shinji_Ikari: since he didnt get 2 bs
(24:53 / All) DARK-SOULS-GOD: let me kill cocky boy first
(25:38 / All) PurpleLikesBoys: who needs woopd

(27:02 / All) PurpleLikesBoys: kill your farms and hsit?
(27:19 / All) DARK-SOULS-GOD: i still need copters dead
(27:29 / All) BlackSpider: LOL
(27:39 / All) PurpleLikesBoys: rofl

(28:55 / All) PurpleLikesBoys: fieds incoming

(30:04 / All) DARK-SOULS-GOD: we could always just kill all of my base

(31:47 / All) PurpleLikesBoys: those buggers are fast
(31:49 / All) PurpleLikesBoys: man
(31:51 / All) DARK-SOULS-GOD: THAT THEY ARE
(32:30 / All) Shinji_Ikari: y dont u use ur mine blue
(33:08 / All) Shinji_Ikari: lol youll get em
(33:27 / All) PurpleLikesBoys: LOL
(34:00 / All) PurpleLikesBoys: 5 more rofl
(34:18 / All) DARK-SOULS-GOD: make sure teal is at 0/0 i saw an aco of his
(34:25 / All) PurpleLikesBoys: he is
(34:51 / All) BlackSpider: 1 more
(34:59 / Allies) BlackSpider: got enough xp
(35:02 / All) PurpleLikesBoys: oj you gotta stay for the show
(35:33 / All) PurpleLikesBoys: yes
(35:49 / All) PurpleLikesBoys: kill fiends
(36:41 / All) PurpleLikesBoys: if bnet does look at this replay
(36:46 / All) PurpleLikesBoys: i'm sure they will love it rofl
(37:00 / All) DARK-SOULS-GOD: im fairly certain they get them all the time over the years
(37:06 / All) DARK-SOULS-GOD: they probably do laugh over it
(37:15 / All) DARK-SOULS-GOD: so many pple screw around with friends on smurfs
(37:17 / All) BlackSpider: you guys are not original
(37:35 / All) DARK-SOULS-GOD: its hard to be original in a 11 year old game
(37:38 / All) DARK-SOULS-GOD: filled with hackers
(37:41 / All) PurpleLikesBoys: 2 acolytes is all i have left
(37:44 / All) PurpleLikesBoys: LOL
(37:56 / All) DARK-SOULS-GOD: u had ghouls too
(38:02 / All) PurpleLikesBoys: kille dthe,
(38:05 / All) PurpleLikesBoys: 2 food
(38:10 / All) PurpleLikesBoys: they are about to die
(38:10 / All) DARK-SOULS-GOD: ok good luck everyboyd may the best internet connection win
(38:11 / All) BlackSpider: I will play on second computer cya
(38:12 / All) PurpleLikesBoys: well boys
(38:14 / All) PurpleLikesBoys: it was fun